 Dungeon Crawl Stone Soup version 0.30.0-5-g1a98f26d00 (webtiles) character file.

Game seed: 10979976461296350919

49 Jarnaxa the Cudgeller (level 3, -3/36 HPs)
             Began as an Ogre Gladiator on May 11, 2023.
             Slain by a hound (4 damage)
             ... on level 3 of the Dungeon.
             The game lasted 00:02:18 (1708 turns).

Jarnaxa the Cudgeller (Ogre Gladiator)              Turns: 1708, Time: 00:02:18

Health: -3/36      AC:  3    Str: 19 (20) XL:     3   Next: 77%
Magic:  3/3        EV: 10    Int:  6 (9)  God:
Gold:   106        SH:  4    Dex:  9 (10) Spells: 2/2 levels left

rFire   . . .        a - +0 flail
rCold   . . .        (no shield)
rNeg    . . .        b - +0 robe
rPois   .            c - +0 hat
rElec   .            (no cloak)
rCorr   .            (gloves unavailable)
SInv    .            (boots unavailable)
Will    .....        (no amulet)
Stlth   +            (no ring)
HPRegen 0.26/turn    (no ring)
MPRegen 0.08/turn

%: no passive effects
@: no status effects
A: large, unfitting armour, tough skin 1, large bone plates 1
a: no special abilities


You were on level 3 of the Dungeon.
You visited 1 branch of the dungeon, and saw 3 of its levels.

You collected 106 gold pieces.

Inventory:

Hand Weapons
 a - a +0 flail (weapon)
Missiles
 d - 3 throwing nets (quivered)
 e - a large rock
Armour
 b - a +0 robe (worn)
 c - a +0 hat (worn)
Jewellery
 f - a +6 ring of strength
 o - a +6 ring of intelligence
 q - a +6 ring of intelligence
Scrolls
 i - 5 scrolls of identify {unknown}
 j - a scroll of immolation {unknown}
 l - 2 scrolls of teleportation {unknown}
 m - a scroll of silence {unknown}
 p - a scroll of noise {unknown}


   Skills:
 + Level 2.9 Fighting
 + Level 3.5 Maces & Flails
 + Level 2.1 Throwing
 + Level 3.2 Dodging


You had 2 spell levels left.
You didn't know any spells.
Your spell library contained the following spells:

 Spells                   Type           Power      Damage    Failure   Level
 Apportation              Tloc           0%         N/A       45%         1
 Necrotise                Necr           0%         1d4       45%         1
 Summon Small Mammal      Summ           0%         N/A       45%         1


Dungeon Overview and Level Annotations

Branches:
Dungeon (3/15)

Altars:

Shops:
D:1 *=!=


Innate Abilities, Weirdness & Mutations

You are too large for most types of armour.
You have tough skin. (AC +1)
You are partially covered in large bone plates. (SH +4)


Message History

The hound is moderately wounded.
The hound bites you. The rat closely misses you. The hound barely misses you.
The rat bites you.
You hit the hound.
The hound is severely wounded.
The hound closely misses you. The rat bites you. The hound barely misses you.
You closely miss the hound.
The hound is severely wounded.
The hound closely misses you. You block the rat's attack.
You hit the hound.
The hound is severely wounded.
The hound barely misses you. The hound bites you but does no damage.
The rat bites you.
You hit the hound.
The hound is almost dead.
The hound completely misses you. The rat barely misses you.
The hound bites you. The rat bites you.
You hit the hound but do no damage.
The hound is almost dead.
The hound bites you. x2
* * * LOW HITPOINT WARNING * * *
The rat completely misses you.
You closely miss the hound. Your punch misses the hound.
The hound is almost dead.
The hound bites you.
* * * LOW HITPOINT WARNING * * *
The rat bites you.
* * * LOW HITPOINT WARNING * * *
The hound bites you.
* * * LOW HITPOINT WARNING * * *
You barely miss the hound.
The hound is almost dead.
The hound bites you but does no damage. The rat bites you but does no damage.
You block the hound's attack.
You barely miss the hound.
The hound is almost dead.
The hound bites you.
* * * LOW HITPOINT WARNING * * *
The rat barely misses you. The rat closely misses you. The hound bites you.
You die...

#...........##..[..#
#.#...............##
...##.....####)..##
#.#....###..###..#
#.....##......##.#
#................#
##†).............#
##........r.....#
#.........h@....######..
#.<..##......##........#
#.....###..###..####..##
##......####...##
##...........##
###.....##### #######


You could see a hound and a rat.

Vanquished Creatures
  An adder (D:3)
  A dart slug (D:2)
  4 endoplasms
  4 giant cockroaches
  3 goblins (D:1)
  7 hobgoblins (D:1)
  7 kobolds
  A quokka (D:1)
  2 ball pythons
  A bat (D:1)
  A frilled lizard (D:1)
32 creatures vanquished.

Notes
Turn   | Place    | Note
-------+----------+-------------------------------------------
     0 | D:1      | Jarnaxa the Ogre Gladiator began the quest for the Orb.
     0 | D:1      | Reached XP level 1. HP: 22/22 MP: 1/1
    52 | D:1      | Found Pehu's Jewellery Shop.
    60 | D:1      | Reached XP level 2. HP: 22/29 MP: 2/2
   234 | D:1      | Found Arapain's Distillery.
   418 | D:1      | Reached XP level 3. HP: 35/36 MP: 3/3
   548 | D:1      | Found Doischo's Jewellery Shop.
   824 | D:1      | Found Roel's Assorted Antiques.
  1526 | D:3      | Gained mutation: You are partially covered in large bone
                  | plates. (SH +4) [potion of mutation]
  1708 | D:3      | HP: 1/36 [hound (4)]
  1708 | D:3      | Slain by a hound

Illustrated notes

Levels and vault maps discovered:
D:1:      dpeg_arrival_stonehenge_8_columns, layout_basic, serial_shops,
          nicolae_shop_gaudy_bauble, nicolae_shop_tiny_statue_garden, shop,
          shop, chequers_serial_rivers_marsh, kennysheep_pointless_box
D:2:      layout_basic, minmay_crystal_room
D:3:      minmay_angry_zag, layout_rooms, supply_closet_lemuel,
          amethyst_killhole, minmay_misc_feat_iff, nrook_campfire,
          kennysheep_generic_room_6, uniq_natasha

Skill      XL: |  1  2 |
---------------+-------+-----
Dodging        | 3 |  3.2
Maces & Flails | 3 |  3.5
Fighting       | |  2.9
Throwing       | |  2.1

Action                     || total
---------------------------++-------
  Melee: Flail             ||   128
    Use: Potion            ||     5
 Armour: Robe              ||    50
  Dodge: Dodged            ||   113
  Block: Other             ||     4
